 Dungeon Crawl Stone Soup version 0.29.0-4-gdea44cf6ec (webtiles) character file.

Game seed: 11672319204548008003

90 qw the Sneak (level 4, 0/28 HPs)
             Began as a Gargoyle Delver on Sept 10, 2022.
             Slain by a kobold brigand
             ... wielding a +0 short sword
              (6 damage)
             ... on level 4 of the Dungeon.
             The game lasted 00:00:13 (637 turns).

qw the Sneak (Gargoyle Delver)                       Turns: 637, Time: 00:00:14

Health: 0/28       AC:  6    Str: 17    XL:     4   Next: 56%
Magic:  4/4        EV: 11    Int: 11    God:
Gold:   4          SH:  0    Dex: 11    Spells: 3/3 levels left

rFire   . . .      SeeInvis .   a - +0 hand axe
rCold   . . .      Faith    .   (no shield)
rNeg    + . .      Spirit   .   b - +0 leather armour
rPois   inf        Reflect  .   (no helmet)
rElec   +          Harm     .   (no cloak)
rCorr   .          Rampage  .   (no gloves)
Will    .....                   (no boots)
Stlth   +++.......              (no amulet)
HPRegen 0.09/turn               (no ring)
MPRegen 0.09/turn               (no ring)

@: no status effects
A: sickness immunity, AC +3, negative energy resistance 1, electricity
resistance, torment resistance 1, petrification resistance
a: no special abilities


You were on level 4 of the Dungeon.
You visited 1 branch of the dungeon, and saw 2 of its levels.

You collected 4 gold pieces.


Innate Abilities, Weirdness & Mutations

You are immune to sickness and miasma.
Your stone body is resilient. (AC +3)
You are immune to poison.
You resist negative energy. (rN+)
You are resistant to electric shocks. (rElec)
You are resistant to unholy torment.
You are immune to petrification.


   Skills:
 - Level 3.2 Fighting
 + Level 4.2 Axes
 - Level 1.5 Dodging
 - Level 5.4 Stealth


You had 3 spell levels left.
You didn't know any spells.
Your spell library was empty.

Inventory:

Hand Weapons
 a - a +0 hand axe (weapon)
Missiles
 h - a boomerang (quivered)
Armour
 b - a +0 leather armour (worn)
Wands
 g - a wand of digging (3)
Potions
 f - a potion of haste

Dungeon Overview and Level Annotations

Branches:
Dungeon (5/15)
 Temple: D:4-7

Altars:


Message History

The kobold brigand is moderately wounded.
The kobold brigand throws a poisoned dart.
The poisoned dart hits you.
Throw: 2 boomerangs
Press: ? - help, Q - select action Shift-Dir - straight line, f/p - kobold brigand You throw a boomerang.
The boomerang closely misses the kobold brigand.
Throw: 2 boomerangs
Press: ? - help, Q - select action Shift-Dir - straight line, f/p - kobold brigand You throw a boomerang.
The boomerang hits the kobold brigand but does no damage.
The kobold brigand is moderately wounded.
You hit the kobold brigand.
The kobold brigand is heavily wounded.
The kobold brigand hits you with a +0 short sword.
You barely miss the kobold brigand.
The kobold brigand is heavily wounded.
The kobold brigand hits you with a +0 short sword!
You hit the kobold brigand.
The kobold brigand is severely wounded.
The kobold brigand hits you with a +0 short sword.
You hit the kobold brigand but do no damage.
The kobold brigand is heavily wounded.
The kobold brigand hits you with a +0 short sword.
You barely miss the kobold brigand. You punch the kobold brigand.
The kobold brigand is severely wounded.
The kobold brigand hits you with a +0 short sword.
You closely miss the kobold brigand.
The kobold brigand is severely wounded.
The kobold brigand barely misses you.
You hit the kobold brigand.
The kobold brigand is severely wounded.
The kobold brigand hits you but does no damage.
You barely miss the kobold brigand.
The kobold brigand is severely wounded.
The kobold brigand hits you with a +0 short sword.
You closely miss the kobold brigand.
The kobold brigand is severely wounded.
The kobold brigand hits you with a +0 short sword.
You die...

.## ## ... # #.# #
#.# ####### #.#
......# #..
......# #.####.#
......## #.KS...#
........# #@#
......#.# #.#
......#.# #.#
......#.########.#
......#.#........#
......#.#.########
#.........#
#.#####.########
#...............


You could see a kobold brigand and a ball python.

Vanquished Creatures
  A scorpion (D:4)
  A killer bee zombie (D:5)
  An ufetubus (D:5)
  An adder skeleton (D:5)
  A ball python (D:4)
  A hobgoblin (D:4)
  2 jackals (D:4)
  A kobold (D:4)
9 creatures vanquished.

Notes
Turn   | Place    | Note
-------+----------+-------------------------------------------
     0 | D:5      | qw the Gargoyle Delver began the quest for the Orb.
     0 | D:5      | Reached XP level 1. HP: 14/14 MP: 1/1
     0 | D:5      | 0 ||| qw: Version: 0.1-a-116-g5d60599
     0 | D:5      | 0 ||| qw: Game counter: 7642
     0 | D:5      | 0 ||| qw: Always use a shield: true
     0 | D:5      | 0 ||| qw: God list: Okawaru
     0 | D:5      | 0 ||| qw: Allow faded altars: false
     0 | D:5      | 0 ||| qw: Do Orc after D:15 true
     0 | D:5      | 0 ||| qw: Do second Lair branch before Depths: true
     0 | D:5      | 0 ||| qw: Lair rune preference: random
     0 | D:5      | 0 ||| qw: Plans: Normal
     0 | D:5      | 0 ||| PLANNING D:1-11
    37 | D:5      | 37 ||| Stepping ~*~*~tactically~*~*~ (stealth).
    38 | D:5      | 38 ||| Stepping ~*~*~tactically~*~*~ (stealth).
    52 | D:5      | 52 ||| Stepping ~*~*~tactically~*~*~ (stealth).
    92 | D:5      | 92 ||| Stepping ~*~*~tactically~*~*~ (stealth).
   101 | D:5      | 101 ||| Stepping ~*~*~tactically~*~*~ (stealth).
   110 | D:5      | Reached skill level 3 in Axes
   110 | D:5      | Reached XP level 2. HP: 11/19 MP: 2/2
   110 | D:5      | Reached XP level 3. HP: 13/23 MP: 3/3
   256 | D:5      | 256 ||| DROPPING scroll of fog.
   257 | D:5      | 257 ||| DROPPING scroll of magic mapping.
   258 | D:5      | 258 ||| DROPPING scroll of fear.
   264 | D:4      | 264 ||| PLANNING SEWER
   282 | D:4      | 282 ||| Stepping ~*~*~tactically~*~*~ (stealth).
   283 | D:4      | 283 ||| Stepping ~*~*~tactically~*~*~ (stealth).
   304 | D:4      | 304 ||| Stepping ~*~*~tactically~*~*~ (stealth).
   325 | D:4      | 325 ||| Stepping ~*~*~tactically~*~*~ (stealth).
   347 | D:4      | 347 ||| Stepping ~*~*~tactically~*~*~ (stealth).
   349 | D:4      | 349 ||| Stepping ~*~*~tactically~*~*~ (stealth).
   354 | D:4      | 354 ||| Stepping ~*~*~tactically~*~*~ (stealth).
   358 | D:4      | 358 ||| Stepping ~*~*~tactically~*~*~ (stealth).
   390 | D:4      | Noticed a scorpion
   408 | D:4      | Killed a scorpion
   409 | D:4      | Reached XP level 4. HP: 10/28 MP: 4/4
   623 | D:4      | Noticed a kobold brigand
   636 | D:4      | HP: 5/28 [kobold brigand/+0 short sword (4)]
   637 | D:4      | Slain by a kobold brigand

Levels and vault maps discovered:
D:4:      layout_loops_ring, nicolae_gozag_cash_rules_everything_around_me,
          gup_sewer_entry_bowl
D:5:      layout_loops_ring, serial_undead, serial_undead_d, serial_undead_d,
          serial_undead_f, serial_undead_c, uniq_prince_ribbit1

Skill      XL: |  1  2  3 |
---------------+----------+-----
Axes           | 3 4 |  4.2
Fighting       | |  3.2
Dodging        | |  1.5
Stealth        | |  5.4

Action                   |  1- 3 |  4- 6 || total
-------------------------+-------+-------++-------
Melee: Hand axe          |    43 |     9 ||    52
       Punch             |       |     1 ||     1
Throw: Boomerang         |    11 |     5 ||    16
Armor: Leather armour    |    13 |     1 ||    14
Dodge: Dodged            |    36 |     2 ||    38

Table legend:
 A = Non-vault XP
 B = Vault XP
 C = Vault XP percentage of total XP
 D = Non-vault monster count
 E = Vault monster count
 F = Vault count percentage of total count
                 A         B        C        D         E       F
            +---------+---------+-------+---------+---------+-------
      Total |      97 |      32 |  24.8 |       7 |       2 |  22.2
            +---------+---------+-------+---------+---------+-------
        D:4 |      89 |       0 |   0.0 |       6 |       0 |   0.0
        D:5 |       8 |      32 |  80.0 |       1 |       2 |  66.7
            +---------+---------+-------+---------+---------+-------
